 Dungeon Crawl Stone Soup version 0.28.0-62-gf88900778d (webtiles) character file.

Game seed: 3519976305067557419

30 cbfl8 the Skirmisher (level 3, -14/33 HPs)
             Began as a Hill Orc Fighter on Sept 6, 2023.
             Demolished by an ogre
             ... wielding a +0 giant club
              (23 damage)
             ... on level 1 of the Dungeon.
             The game lasted 00:00:49 (1067 turns).

cbfl8 the Skirmisher (Hill Orc Fighter)             Turns: 1067, Time: 00:00:49

Health: -14/33     AC:  7    Str: 18    XL:     3   Next: 20%
Magic:  3/3        EV:  9    Int:  8    God:
Gold:   32         SH:  4    Dex: 12    Spells: 2/2 levels left

rFire   . . .      SeeInvis .   a - +0 war axe
rCold   . . .      Faith    .   c - +0 buckler
rNeg    . . .      Spirit   .   b - +0 scale mail
rPois   .          Reflect  .   (no helmet)
rElec   .          Harm     .   (no cloak)
rCorr   .          Rampage  .   (no gloves)
Will    .....                   (no boots)
Stlth   ..........              (no amulet)
HPRegen 0.11/turn               (no ring)
MPRegen 0.08/turn               (no ring)

@: mighty
A: no striking features
a: no special abilities


You were on level 1 of the Dungeon.
You visited 1 branch of the dungeon, and saw 2 of its levels.

You collected 32 gold pieces.

Inventory:

Hand Weapons
 a - a +0 war axe (weapon)
Armour
 b - a +0 scale mail (worn)
 c - a +0 buckler (worn)
Scrolls
 e - a scroll of identify {unknown}
 g - a scroll of teleportation {unknown}
 h - a scroll of torment {unknown}
 i - a scroll of amnesia {unknown}
Potions
 d - a potion of might
 f - a potion of curing
 j - a potion of heal wounds {unknown}
 k - a potion of brilliance {unknown}


   Skills:
 + Level 3.9 Fighting
 + Level 3.2 Axes
 + Level 3.7 Armour
 + Level 3.5 Shields
 * Level 1.0 Evocations


You had 2 spell levels left.
You didn't know any spells.
Your spell library contained the following spells:

 Spells                   Type           Power      Damage    Failure   Level
 Ensorcelled Hibernation  Hex/Ice        0%         N/A       95%         2
 Spider Form              Tmut/Pois      0%         N/A       99%         3
 Anguish                  Hex/Necr       0%         N/A       100%        4


Dungeon Overview and Level Annotations

Branches:
Dungeon (2/15)

Altars:

Shops:
D:1 [


Message History

Search for what [Enter for "."]?
There is a stone staircase leading down here.
You climb downwards.
The adder hisses angrily.
The ogre shouts!
The gnoll shouts! x3
You hear an angry hiss.
Found a cloak and a distressingly furry leather armour.
There is a stone staircase leading up here.
There are monsters nearby!
There are monsters nearby!
A rat and a hobgoblin come into view.
Found a short sword.
The hobgoblin shouts!
An adder comes into view.
There is a stone staircase leading up here.
The rat barely misses you. You block the ogre's attack.
You climb upwards.
There is a stone staircase leading down here.
Sorry, you're not good enough to have a special ability.
Sorry, you're not good enough to have a special ability.
You slash the ogre!
The ogre is heavily wounded.
You hit the rat.
You kill the rat!
The ogre hits you with a +0 giant club!!
Ouch! That really hurt!
You see here a rat corpse.
You feel very mighty all of a sudden.
It was a potion of curing.
You feel better. The ogre hits you but does no damage.
You feel better. The ogre closely misses you.
You barely miss the ogre.
The ogre is heavily wounded.
The ogre hits you with a +0 giant club!!
Ouch! That really hurt!
* * * LOW HITPOINT WARNING * * *
You barely miss the ogre.
The ogre is heavily wounded.
The ogre hits you with a +0 giant club!!
Ouch! That really hurt!
You die...

.## #.###'###.###'###..# #.# .#
#.# #.# #.# #.# #..#####.# .#
##.# #.###.###.# #........# .#
#..# #...'.'...# #....###### .#
#..# #####.##### #.......... ##
#..# #.# #.##.###### #
#..#######'#######.##.# #
####..................##.#### #
#....>†......O@....##.......#
###.###.#######.#######.##.##.#
........# #.# #.##.##.#
....##### #.# #####.##....###
##### #.# #.............. # #.#
#.###.#####.### # #.# #.#
#.(.....# #
#######.###.#########.# #
#............# #.#


You could see an ogre.

Vanquished Creatures
  A gnoll (D:1)
  A dart slug (D:1)
  3 ball pythons (D:1)
  An endoplasm (D:1)
  A giant cockroach (D:1)
  3 goblins (D:1)
  4 hobgoblins (D:1)
  A kobold (D:1)
  2 rats (D:1)
17 creatures vanquished.

Notes
Turn   | Place    | Note
-------+----------+-------------------------------------------
     0 | D:1      | cbfl8 the Hill Orc Fighter began the quest for the Orb.
     0 | D:1      | Reached XP level 1. HP: 19/19 MP: 1/1
   229 | D:1      | Reached XP level 2. HP: 27/27 MP: 2/2
   470 | D:1      | Found Xeuzxoro's Antique Armour Shop.
   701 | D:1      | Reached XP level 3. HP: 20/33 MP: 3/3
   857 | D:1      | Reached skill level 1 in Evocations
  1048 | D:2      | Noticed an ogre
  1067 | D:1      | Demolished by an ogre

Illustrated notes

Levels and vault maps discovered:
D:1:      dpeg_arrival_lava_altar, layout_loops_ring, serial_shops,
          nicolae_shop_statue_plus, chequers_serial_rivers_large_a,
          minivault_24, chequers_jeans, minmay_door_square, minmay_cut_off
D:2:      layout_rooms, shapermc_ecumenical_altar_starsandcircs

Skill      XL: |  1  2  3 |
---------------+----------+-----
Axes           | 3 |  3.2
Evocations     | 1 |  1.0
Fighting       | |  3.9
Armour         | |  3.7
Shields        | |  3.5

Action                   || total
-------------------------++-------
Melee: War axe           ||    47
  Use: Potion            ||     3
Armor: Scale mail        ||    23
Dodge: Dodged            ||    15
Block: Buckler           ||    13
